 Dungeon Crawl Stone Soup version 0.30.1-4-g462c640d31 (webtiles) character file.

Game seed: 1235282813787990510

25032 arthad the Fighter (level 13, -42/85 HPs)
             Began as a Gargoyle Fighter on Aug 20, 2023.
             Was the Champion of Cheibriados.
             Annihilated by an enormous slime creature (46 damage)
             ... in a Gauntlet.
             The game lasted 00:31:28 (11469 turns).

arthad the Fighter (Gargoyle Fighter)              Turns: 11469, Time: 00:31:28

Health: -42/85     AC: 25    Str: 44    XL:     13   Next: 16%
Magic:  17/17      EV:  9    Int: 29    God:    Cheibriados [******]
Gold:   1199       SH: 14    Dex: 24    Spells: 12/12 levels left

rFire   . . .        S - +0 morningstar (heavy)
rCold   + . .        s - +0 kite shield
rNeg    + . .        k - +3 chain mail {rC+}
rPois   ∞            t - +0 helmet
rElec   +            z - +0 cloak
rCorr   .            K - +0 pair of gloves of the Cuttlefish {rElec Will+ Int+3 Slay+3}
SInv    .            (no boots)
Will    ++...        C - amulet of regeneration Stlth
                     W - +6 ring of strength
HPRegen 1.14/turn    N - ring of willpower
MPRegen 0.15/turn

%: no teleportation
@: very slow
A: sickness immunity, AC +9, negative energy resistance 1, electricity
resistance, torment resistance 1, petrification resistance, deformed body
a: Renounce Religion, Bend Time, Temporal Distortion, Slouch, Step From Time


You were in a Gauntlet.
You worshipped Cheibriados.
Cheibriados was exalted by your worship.
You visited 2 branches of the dungeon, and saw 14 of its levels.
You also visited: Sewer and Gauntlet.

You collected 1199 gold pieces.

Inventory:

Hand Weapons
 a - the +3 whip of Law {flame, rN++ Int+4}
   (You found it on level 10 of the Dungeon)

   Int:       It affects your intelligence (+4).
   rN:        It greatly protects you from negative energy.
 l - the +8 dagger of Raxoj {drain, rF+ Will+}
   (You found it on level 2 of the Dungeon)

   rF:        It protects you from fire.
   Will:      It increases your willpower.
 A - the +4 trident of the Throat {heavy, rElec rPois rC+}
   (You found it on level 4 of the Dungeon)

   rC:        It protects you from cold.
   rElec:     It insulates you from electricity.
   rPois:     It protects you from poison.
 E - a +2 flail of venom
 O - a +5 flail
 Q - a +0 broad axe
 R - a +4 battleaxe
 S - a +0 heavy morningstar (weapon)
Missiles
 i - 11 boomerangs (quivered)
 m - 27 poisoned darts
 w - 2 javelins
 U - a curare-tipped dart
Armour
 c - a +0 buckler
 g - +0 fire dragon scales
 k - a +3 chain mail of cold resistance (worn)
 s - a +0 kite shield (worn)
 t - a +0 helmet (worn)
 v - a +1 pair of gloves of dexterity
 z - a +0 cloak (worn)
 K - the +0 pair of gloves of the Cuttlefish (worn) {rElec Will+ Int+3 Slay+3}
   (You acquired it in a Gauntlet)

   Int:       It affects your intelligence (+3).
   Slay:      It affects your accuracy & damage with ranged weapons and melee
   (+3).
   rElec:     It insulates you from electricity.
   Will:      It increases your willpower.
Jewellery
 f - the ring of Balance {+Blink rN+ Str-2 Int+4}
   (You found it on level 9 of the Dungeon)

   [ring of positive energy]

   Str:       It affects your strength (-2).
   Int:       It affects your intelligence (+4).
   rN:        It protects you from negative energy.
   +Blink:    It lets you blink.
 n - an amulet of guardian spirit
 C - an amulet of regeneration (around neck)
 H - a ring of wizardry
 N - a ring of willpower (right hand)
 W - a +6 ring of strength (left hand)
 Z - a ring of ice
Wands
 j - a wand of flame (34)
 p - a wand of light (3)
 q - a wand of mindburst (11)
 y - a wand of digging (15)
 T - a wand of polymorph (4)
Scrolls
 b - 5 scrolls of teleportation
 h - 3 scrolls of identify
 x - 2 scrolls of silence
 D - 5 scrolls of immolation
 G - 2 scrolls of brand weapon
 M - a scroll of poison
 X - a scroll of enchant weapon
Potions
 d - a potion of brilliance
 e - a potion of might
 o - 7 potions of curing
 r - a potion of ambrosia
 u - a potion of resistance
 B - 5 potions of lignification
 F - a potion of invisibility
 I - 6 potions of flight
 J - 2 potions of magic
 P - 3 potions of attraction
 V - a potion of cancellation


   Skills:
 * Level 11.8 Fighting
 * Level 10.5 Maces & Flails
 * Level 11.7 Armour
 * Level 11.7 Shields
 + Level 6.2 Invocations
 + Level 5.1 Evocations


You had 12 spell levels left.
You didn't know any spells.
Your spell library contained the following spells:

 Spells                   Type           Power      Damage    Failure   Level
 Kiss of Death            Conj/Necr      0%         2d5       30%         1
 Summon Small Mammal      Summ           0%         N/A       30%         1
 Ensorcelled Hibernation  Hex/Ice        0%         N/A       43%         2
 Passwall                 Tmut/Erth      0%         N/A       43%         2
 Scorch                   Fire           0%         2d5       43%         2
 Wereblood                Tmut           0%         N/A       43%         2
 Call Canine Familiar     Summ           0%         N/A       67%         3
 Confusing Touch          Hex            0%         N/A       67%         3
 Summon Guardian Golem    Hex/Summ       0%         N/A       67%         3
 Swiftness                Air            0%         N/A       67%         3
 Dispel Undead            Necr           0%         3d6       97%         4
 Flame Wave               Conj/Fire      0%         2d4       97%         4
 Summon Cactus Giant      Summ           0%         N/A       100%        6
 Summon Hydra             Summ           0%         N/A       100%        7
 Sublimation of Blood     Necr           Unusable   N/A       N/A         2

Dungeon Overview and Level Annotations

Branches:
Dungeon (13/15)            Temple (1/1) D:5            Lair (0/5) D:8
    Orc (0/2) D:12          Sewer (visited)         Gauntlet (1/1)
 Vaults: D:13-14

Altars:
Ashenzari
Cheibriados
Dithmenos
Elyvilon
Fedhas
Gozag
Hepliaklqana
Kikubaaqudgha
Makhleb
Nemelex Xobeh
Okawaru
Qazlal
Ru
Sif Muna
Trog
Uskayaw
Vehumet
Wu Jian
Xom
Yredelemnul
Zin
The Shining One

Shops:
D:6 [

Annotations:
D:3 3 runed translucent doors, Drain's ghost, amateur OpCj; booth's ghost, amateur DsGl
D:10 3 runed translucent doors, Gorgoleon's ghost, journeyman MfGl Gauntlet 14 transporters, exclusions: 2 lightning spires and obsidian statue


Innate Abilities, Weirdness & Mutations

You are immune to sickness and miasma.
Your stone body is resilient. (AC +9)
You are immune to poison.
You resist negative energy. (rN+)
You are resistant to electric shocks. (rElec)
You are resistant to unholy torment.
You are immune to petrification.
Armour fits poorly on your strangely shaped body.


Message History

You continue taking off your +1 pair of gloves of dexterity. x4
You finish taking off your +1 pair of gloves of dexterity.
You feel clumsy.
You start putting on your armour.
You continue putting on the +0 pair of gloves of the Cuttlefish {rElec Will+ Int+3 Slay+3}. x5
You finish putting on the +0 pair of gloves of the Cuttlefish {rElec Will+ Int+3 Slay+3}.
You feel clever.
Unknown command.
Unknown command.
There is a transporter here.
You enter the transporter and appear at another place.
Two slime creatures merge to form a large slime creature.
Two slime creatures merge to form a very large slime creature.
Two slime creatures merge to form an enormous slime creature.
There is a transporter here.
You enter the transporter and appear at another place.
The enormous slime creature completely misses you.
You impale the enormous slime creature!!
The enormous slime creature is lightly wounded.
The enormous slime creature jiggles.
You block the enormous slime creature's attack.
The enormous slime creature hits you!!
You spit the enormous slime creature like a pig!!!
The enormous slime creature is moderately wounded.
You block the enormous slime creature's attack.
You hit the enormous slime creature but do no damage.
The enormous slime creature is moderately wounded.
The enormous slime creature barely misses you.
You perforate the enormous slime creature like a sieve!!!
The enormous slime creature is heavily wounded.
The enormous slime creature hits you!!!
Ouch! That really hurt!
* * * LOW HITPOINT WARNING * * *
The enormous slime creature hits you!!
* * * LOW HITPOINT WARNING * * *
You impale the enormous slime creature!!
The enormous slime creature is severely wounded.
The enormous slime creature hits you!!!
Ouch! That really hurt!
You die...

###################
..≈∩≈............§#
..................###
##...###########..#8#
.#...#.........#..###
.#.∩.#JJ##.##..#....#
.#...#.##...##.#....###
y#...#.#.....#J###..#8#
y#©.©#....©...J#@#..###
.#...#.#.....#$#J#..#
.#...#.##...##.#.#..###
.#...#..##.##..#.#..#8#
.#...#.........#.#..#########
##.§.###########.#........#8#
...≈.§.........#.#........#####
..≈8§....#######.#######.....≈###
...≈.....#©...........©#......#8#


You could see an enormous slime creature and 2 jellies.

Vanquished Creatures
  Snorg (D:12)
  A centaur warrior (D:9)
  An ogre mage (D:11)
  7 two-headed ogres
  4 skeletal warriors (D:12)
  Pikel (D:5)
  3 manticores
  2 cyclopes (D:9)
  2 ugly things
  A gargoyle (D:10)
  An unseen horror (D:11)
  A freezing wraith (D:9)
  3 trolls
  Sigmund (D:2)
  13 slime creatures
  2 vampires
  A wyvern (D:8)
  19 yaks
  Eustachio (D:6)
  4 steam dragons
  2 vampire mosquitoes (D:11)
  Edmund (D:5)
  2 water moccasins
  Duvessa (D:5)
  10 orc warriors
  A black bear (D:7)
  2 sky beasts
  5 wolves (D:8)
  4 ogres
  4 centaurs
  A phantom (D:4)
  2 kobold brigands
  5 bullfrogs
  A gnoll sergeant (D:5)
  14 wights
  Dowan (D:5)
  3 killer bees (D:11)
  2 howler monkeys
  2 electric eels (D:8)
  16 orc priests
  6 hounds
  4 jellies
  2 sleepcaps
  Jessica (D:2)
  16 orc wizards
  2 iguanas
  Terence (D:2)
  11 gnolls
  10 adders
  6 river rats (Sewer)
  2 white imps (D:6)
  2 ufetubi
  2 worms
  3 dart slugs
  50 orcs
  12 ball pythons
  An endoplasm (D:1)
  5 giant cockroaches
  11 goblins
  8 hobgoblins
  3 jackals (Sewer)
  A quokka (D:5)
  14 bats
  11 frilled lizards
  16 kobolds
  7 rats
355 creatures vanquished.

Vanquished Creatures (others)
  A bullfrog (D:8)
  An orc wizard (D:11)
2 creatures vanquished.

Grand Total: 357 creatures vanquished

Notes
Turn   | Place    | Note
-------+----------+-------------------------------------------
     0 | D:1      | arthad the Gargoyle Fighter began the quest for the Orb.
     0 | D:1      | Reached XP level 1. HP: 14/14 MP: 1/1
   223 | D:1      | Found a faded altar of an unknown god.
   317 | D:1      | Reached XP level 2. HP: 19/19 MP: 2/2
  1048 | D:2      | Reached XP level 3. HP: 21/23 MP: 3/3
  1126 | D:2      | Reached XP level 4. HP: 13/29 MP: 4/4
  1216 | D:2      | Noticed Terence
  1226 | D:2      | Killed Terence
  1431 | D:2      | Noticed Jessica
  1432 | D:2      | Noticed Sigmund
  1454 | D:2      | Killed Sigmund
  1455 | D:2      | Reached XP level 5. HP: 16/34 MP: 2/5
  1455 | D:2      | Reached XP level 6. HP: 18/39 MP: 2/6
  1455 | D:2      | Killed Jessica
  1561 | D:2      | Identified the +8 dagger of Raxoj {drain, rF+ Will+}
  2242 | D:3      | Found a runed translucent gate.
  2243 | D:3      | Found a runed translucent gate.
  2243 | D:3      | Found a runed translucent gate.
  2244 | D:3      | Noticed Drain's ghost (amateur OpCj)
  2245 | D:3      | Noticed booth's ghost (amateur DsGl)
  2616 | D:4      | Identified the +4 trident of the Throat {heavy, rElec rPois
                  | rC+}
  2718 | D:4      | Reached skill level 5 in Armour
  2998 | D:4      | Reached skill level 5 in Fighting
  2998 | D:4      | Reached skill level 5 in Shields
  2998 | D:4      | Reached XP level 7. HP: 44/44 MP: 7/7
  3380 | D:5      | Entered Level 5 of the Dungeon
  3381 | D:5      | Noticed Edmund
  3400 | D:5      | Killed Edmund
  3573 | D:5      | Found a shadowy altar of Dithmenos.
  3592 | D:5      | Noticed Pikel
  3606 | D:5      | Killed Pikel
  3607 | D:5      | Reached skill level 5 in Maces & Flails
  3607 | D:5      | Reached XP level 8. HP: 51/52 MP: 6/8
  3685 | D:5      | Found a glowing drain.
  3723 | Sewer    | Entered a sewer
  4522 | D:5      | Found a staircase to the Ecumenical Temple.
  4535 | Temple   | Entered the Ecumenical Temple
  4693 | Temple   | Became a worshipper of Cheibriados the Contemplative
  4838 | D:5      | Noticed Dowan
  4840 | D:5      | Noticed Duvessa
  4850 | D:5      | Killed Duvessa
  4851 | D:5      | Reached XP level 9. HP: 51/56 MP: 9/9
  4862 | D:5      | Killed Dowan
  5399 | D:6      | Found Rieclimn's Armour Boutique.
  5634 | D:6      | Found a blossoming altar of Fedhas.
  5638 | D:6      | Reached * piety under Cheibriados
  5945 | D:6      | Found a glowing silver altar of Zin.
  5951 | D:6      | Noticed Eustachio
  5960 | D:6      | Killed Eustachio
  5961 | D:6      | Reached skill level 1 in Invocations
  6019 | D:6      | Reached ** piety under Cheibriados
  6020 | D:6      | Reached skill level 1 in Evocations
  6436 | D:7      | Found a sacrificial altar of Ru.
  6445 | D:7      | Reached XP level 10. HP: 64/64 MP: 11/11
  6847 | D:8      | Noticed a purple ugly thing
  6866 | D:8      | Killed a purple ugly thing
  7032 | D:8      | Found a stormy altar of Qazlal.
  7034 | D:8      | Found a glowing golden altar of the Shining One.
  7065 | D:8      | Reached *** piety under Cheibriados
  7129 | D:8      | Found a staircase to the Lair.
  7396 | D:8      | Reached XP level 11. HP: 26/71 MP: 13/13
  7667 | D:8      | Found a bloodstained altar of Trog.
  7785 | D:9      | Reached **** piety under Cheibriados
  8034 | D:9      | Noticed a manticore
  8034 | D:9      | Noticed a cyclops
  8034 | D:9      | Noticed a red ugly thing
  8034 | D:9      | Noticed a manticore
  8034 | D:9      | Noticed a cyclops
  8043 | D:9      | Noticed a two-headed ogre
  8048 | D:9      | Noticed a two-headed ogre
  8060 | D:9      | Killed a two-headed ogre
  8147 | D:9      | Noticed a centaur warrior
  8531 | D:9      | Gained mutation: You are partially covered in iridescent
                  | scales. (AC +2) [potion of mutation]
  8531 | D:9      | Gained mutation: Your body sometimes deteriorates upon
                  | taking damage. [potion of mutation]
  8649 | D:9      | Killed a manticore
  8655 | D:9      | Killed a two-headed ogre
  8732 | D:9      | Killed a cyclops
  8749 | D:9      | Killed a red ugly thing
  8750 | D:9      | Reached skill level 10 in Fighting
  8750 | D:9      | Reached skill level 10 in Armour
  8750 | D:9      | Reached skill level 10 in Shields
  8774 | D:9      | Identified the ring of Balance {+Blink rN+ Str-2 Int+4}
  8829 | D:9      | Killed a manticore
  8866 | D:9      | Killed a cyclops
  8877 | D:9      | Killed a centaur warrior
  8893 | D:10     | Entered Level 10 of the Dungeon
  8927 | D:10     | Noticed a two-headed ogre
  8933 | D:10     | Killed a two-headed ogre
  8965 | D:10     | Found an ornate altar of the Wu Jian Council.
  8991 | D:10     | Found an iron altar of Okawaru.
  9093 | D:10     | Reached ***** piety under Cheibriados
  9094 | D:10     | Reached XP level 12. HP: 78/78 MP: 15/15
  9130 | D:10     | Found a runed translucent gate.
  9130 | D:10     | Found a runed translucent gate.
  9130 | D:10     | Found a runed translucent gate.
  9138 | D:10     | Noticed Gorgoleon's ghost (journeyman MfGl)
  9138 | D:10     | Noticed a two-headed ogre
  9143 | D:10     | Killed a two-headed ogre
  9149 | D:10     | Reached skill level 5 in Invocations
  9205 | D:10     | Found a hide-covered altar of Uskayaw.
  9330 | D:10     | Identified the +3 whip of Law {flame, rN++ Int+4}
  9794 | D:11     | Noticed a two-headed ogre
  9794 | D:11     | Noticed a two-headed ogre
  9801 | D:11     | Noticed an ogre mage
  9802 | D:11     | Killed a two-headed ogre
  9803 | D:11     | Killed a two-headed ogre
  9803 | D:11     | Noticed a two-headed ogre
  9805 | D:11     | Killed an ogre mage
  9810 | D:11     | Killed a two-headed ogre
  9835 | D:11     | Reached skill level 10 in Maces & Flails
 10265 | D:12     | Reached ****** piety under Cheibriados
 10364 | D:12     | Reached XP level 13. HP: 50/84 MP: 17/17
 10372 | D:12     | Found a staircase to the Orcish Mines.
 10374 | D:12     | Noticed Snorg
 10378 | D:12     | Killed Snorg
 10379 | D:12     | Reached skill level 5 in Evocations
 10753 | D:12     | Identified the +0 scale mail of Xejagrod {Int+2}
 11070 | D:13     | Found a gate leading to a gauntlet.
 11079 | Gauntlet | Entered a Gauntlet
 11079 | Gauntlet | Found a transporter.
 11079 | Gauntlet | Found a transporter.
 11083 | Gauntlet | Found a transporter.
 11083 | Gauntlet | Found a transporter.
 11092 | Gauntlet | Found a transporter.
 11111 | Gauntlet | Found a transporter.
 11119 | Gauntlet | Found the ring of Shadows {Umbra +Inv Stlth+}
 11120 | Gauntlet | Noticed a great orb of eyes
 11124 | Gauntlet | Found a transporter.
 11125 | Gauntlet | Found a transporter.
 11127 | Gauntlet | Found a transporter.
 11152 | Gauntlet | Found a transporter.
 11159 | Gauntlet | Found a transporter.
 11197 | Gauntlet | Found a transporter.
 11211 | Gauntlet | Found a transporter.
 11227 | Gauntlet | Found a transporter.
 11327 | Gauntlet | Found a transporter.
 11349 | Gauntlet | Found a transporter.
 11435 | Gauntlet | Lost mutation: Your body sometimes deteriorates upon taking
                  | damage. [potion of mutation]
 11435 | Gauntlet | Lost mutation: You are partially covered in iridescent
                  | scales. (AC +2) [potion of mutation]
 11435 | Gauntlet | Gained mutation: You have sharp fingernails. [potion of
                  | mutation]
 11435 | Gauntlet | Gained mutation: You are frail. (-10% HP) [potion of
                  | mutation]
 11435 | Gauntlet | Gained mutation: You have hidden genetic potential. [potion
                  | of mutation]
 11436 | Gauntlet | Lost mutation: You have sharp fingernails. [potion of
                  | mutation]
 11436 | Gauntlet | Lost mutation: You are frail. (-10% HP) [potion of
                  | mutation]
 11436 | Gauntlet | Lost mutation: You have hidden genetic potential. [potion
                  | of mutation]
 11436 | Gauntlet | Gained mutation: Armour fits poorly on your strangely
                  | shaped body. [potion of mutation]
 11439 | Gauntlet | Identified a scroll of acquirement
 11446 | Gauntlet | Acquired the +0 pair of gloves of the Cuttlefish {rElec
                  | Will+ Int+3 Slay+3}
 11468 | Gauntlet | HP: 2/85 [enormous slime creature (22)]
 11469 | Gauntlet | Annihilated by an enormous slime creature

Illustrated notes

Levels and vault maps discovered:
D:1:      nagdon_arrival_double_spiral, layout_loops_corners,
          hellmonk_ecumenical_altar_run_dry, serial_forest,
          infiniplex_forest_straight_4, infiniplex_forest_lined_2,
          infiniplex_forest_straight_3, infiniplex_forest_clump_medium,
          infiniplex_forest_straight_3, infiniplex_forest_end_1,
          infiniplex_forest_clump_long, minmay_strange_pillars
D:2:      cheibrodos_helix_gallery, layout_basic, uniq_jessica, uniq_terence,
          uniq_sigmund
D:3:      layout_loops_cross, gammafunk_ghost_cemetery
D:4:      layout_loops_ring
D:5:      layout_layer_cave, nicolae_dithmenos_shadow_blocks,
          minmay_temple_entry_statues_pillars, serial_rivers,
          chequers_serial_rivers_small_a, chequers_serial_rivers_micro_d,
          chequers_serial_rivers_micro_d, chequers_serial_rivers_room_b,
          chequers_serial_rivers_room_a, chequers_serial_rivers_micro_e,
          cheibrodos_sewer_entry_drain, uniq_duvessa, uniq_pikel, uniq_edmund
D:6:      layout_loops_ring, zin_statuary, fedhas_ov_isle_minmay, serial_shops,
          shop, minmay_hedge_maze, uniq_eustachio
D:7:      layout_rooms, mainiacjoe_overflow_surrounded_room
D:8:      layout_loops_ring, bloody_trog, grunt_temple_overflow_open,
          erik_lair_island
D:9:      layout_loops_ring, minivault_12
D:10:     layout_irregular_city, nzn_wu_jian_contemplation, okawaru_trees_2,
          nicolae_uskayaw_murder_on_the_dancefloor, gammafunk_ghost_spectres
D:11:     layout_rooms
D:12:     layout_basic, david_orc_2, uniq_snorg
D:13:     layout_long_grid, gauntlet_entry_generic, pond, uniq_frances,
          uniq_josephine, uniq_kirke
Temple:   hellmonk_temple_flake
Gauntlet: gammafunk_gauntlet_branching [gammafunk_gauntlet_arena_split_diamond,
          gammafunk_gauntlet_arena_teeth, gammafunk_gauntlet_arena_split_x,
          gammafunk_gauntlet_arena_mazey, nicolae_gauntlet_arena_blocks,
          nicolae_gauntlet_swirl, gammafunk_gauntlet_arena_hedges,
          gammafunk_gauntlet_arena_grid, nicolae_gauntlet_exit_dead_adventurers]

Skill      XL: |  1  2  3  4  5  6  7  8  9 10 11 12 13 |
---------------+----------------------------------------+-----
Fighting       | 4 5 6 8 9 10 11 | 11.8
Armour         | 4 5 6 8 9 10 11 | 11.7
Shields        | 4 5 6 8 9 10 11 | 11.7
Maces & Flails | 3 4 5 7 8 9 10 | 10.5
Invocations    | 1 3 4 6 |  6.2
Evocations     | 1 2 3 4 5 |  5.1

Action                     |  1- 3 |  4- 6 |  7- 9 | 10-12 | 13-15 || total
---------------------------+-------+-------+-------+-------+-------++-------
  Melee: Flail             |   100 |    98 |       |       |       ||   198
         Dagger            |       |    58 |   481 |   399 |       ||   938
         Morningstar       |       |       |       |   275 |    48 ||   323
  Throw: Boomerang         |     3 |     5 |    11 |    12 |       ||    31
         Dart              |       |     6 |       |    33 |       ||    39
  Evoke: Wand              |       |       |     1 |    10 |       ||    11
    Use: Potion            |     2 |     2 |       |     4 |     2 ||    10
         Scroll            |       |       |       |    11 |    11 ||    22
   Stab: Invisible         |       |       |       |     2 |       ||     2
 Armour: Scale mail        |    61 |       |       |       |       ||    61
         Chain mail        |       |   100 |   388 |   613 |    41 ||  1142
  Dodge: Dodged            |    44 |    48 |   234 |   304 |    30 ||   660
  Block: Buckler           |    32 |    35 |   136 |   276 |       ||   479
         Kite shield       |       |       |       |    38 |    67 ||   105
